 Dungeon Crawl Stone Soup version 0.30-b1-2-g02819fbbbe (webtiles) character file.

Game seed: 16339029383503873576

134140 LLlMATKO the Severer (level 16, 0/151 HPs)
             Began as a Minotaur Berserker on Nov 11, 2023.
             Was the Champion of Trog.
             Slain by an alligator snapping turtle (21 damage)
             ... on level 3 of the Shoals on Nov 12, 2023.
             The game lasted 00:33:19 (31554 turns).

LLlMATKO the Severer (Minotaur Berserker)          Turns: 31554, Time: 00:33:19

Health: 0/151      AC: 26    Str: 28    XL:     16   Next: 61%
Magic:  15/15      EV: 18    Int:  6    God:    Trog [******]
Gold:   3986       SH:  5    Dex: 12    Spells: 15/15 levels left

rFire   . . .        w - +6 war axe (heavy)
rCold   . . .        (no shield)
rNeg    . . .        L - +0 plate armour
rPois   .            i - +2 hat
rElec   +            k - scarf {shadows}
rCorr   .            S - +2 pair of gloves of Prudence {Fly}
SInv    .            g - +2 pair of boots {Stlth+}
Will    +....        N - amulet of Cere {Reflect Rampage rElec SH+5} Stlth
                     V - ring of Deep Teso {+Blink EV+5 Int+2}
HPRegen 0.45/turn    (no ring)
MPRegen 0.14/turn

%: reflection, rampage
@: lethally poisoned (0 -> -10), flying, mesmerised, studying Shields
A: horns 2, retaliatory headbutt
a: Renounce Religion, Evoke Blink, Berserk, Trog's Hand, Brothers in Arms


You were on level 3 of the Shoals.
You worshipped Trog.
Trog was exalted by your worship.
You visited 4 branches of the dungeon, and saw 25 of its levels.
You also visited: Bailey.

You collected 4650 gold pieces.
You spent 664 gold pieces at shops.

Inventory:

Hand Weapons
 q - the +27 heavy crossbow "Sniper" {heavy, Acc+∞ SInv}
   (You found it in a bailey)

   Acc+∞: It never misses its target.
   SInv:      It lets you see invisible.
 w - a +6 heavy war axe (weapon)
 R - a +4 broad axe of flaming
 T - a +0 antimagic executioner's axe
Missiles
 u - 27 poisoned darts (quivered)
 E - 5 datura-tipped darts
 J - 17 atropa-tipped darts
 P - 6 curare-tipped darts
Armour
 g - a +2 pair of boots of stealth (worn)
 i - a +2 hat (worn)
 k - a scarf of shadows (worn)
 I - a +0 kite shield
 L - a +0 plate armour (worn)
 S - the +2 pair of gloves of Prudence (worn) {Fly}
   (You bought it in a shop on level 1 of the Orcish Mines)

   Fly:       It grants you flight.
Jewellery
 m - a ring of fire
 N - the amulet of Cere (around neck) {Reflect Rampage rElec SH+5}
   (You found it on level 14 of the Dungeon)

   [amulet of reflection]

   It reflects blocked missile attacks.
   rElec:     It insulates you from electricity.
   SH:        It affects your SH (+5).
   Rampage:   It bestows one free step when moving towards enemies.
 V - the ring of Deep Teso (left hand) {+Blink EV+5 Int+2}
   (You found it on level 5 of the Lair of Beasts)

   [ring of evasion]

   EV:        It affects your evasion (+5).
   Int:       It affects your intelligence (+2).
   +Blink:    It lets you blink.
 Y - an amulet of faith
 Z - a ring of fire
Wands
 y - a wand of mindburst (5)
 z - a wand of paralysis (14)
 H - a wand of iceblast (20)
 K - a wand of flame (46)
 M - a wand of digging (15)
Scrolls
 a - 5 scrolls of blinking {unknown}
 c - a scroll of brand weapon
 d - 6 scrolls of enchant armour
 j - 8 scrolls of teleportation
 n - 4 scrolls of fog
 r - 2 scrolls of vulnerability
 s - a scroll of summoning
 x - 22 scrolls of identify
 A - a scroll of noise
 D - 6 scrolls of fear
 F - a scroll of torment
 G - 2 scrolls of enchant weapon
 Q - 6 scrolls of magic mapping
Potions
 b - 2 potions of magic {unknown}
 e - 3 potions of invisibility {unknown}
 f - 13 potions of curing {unknown}
 h - 5 potions of heal wounds {unknown}
 l - 8 potions of might {unknown}
 o - 4 potions of attraction {unknown}
 p - a potion of berserk rage {unknown}
 t - 5 potions of brilliance {unknown}
 v - 15 potions of ambrosia
 B - a potion of cancellation {unknown}
 C - 9 potions of lignification {unknown}
 O - 7 potions of degeneration {unknown}
 W - 2 potions of haste {unknown}
 X - a potion of flight {unknown}


   Skills:
 + Level 16.2 Fighting
 + Level 19.1 Axes
 - Level 10.0 Ranged Weapons
 + Level 15.9 Armour
 + Level 14.7 Dodging
 + Level 16.2 Shields


You had 15 spell levels left.
You didn't know any spells.
Your spell library was empty.

Dungeon Overview and Level Annotations

Branches:
Dungeon (15/15)            Temple (0/1) D:5            Lair (5/5) D:10
 Shoals (3/4) Lair:2        Snake (0/4) Lair:3        Slime (0/5) Lair:4
    Orc (2/2) D:9             Elf (0/3) Orc:2        Vaults (0/5) D:13
 Depths (0/4) D:15         Bailey (visited)

Altars:
Fedhas
Gozag
Kikubaaqudgha
Qazlal
Ru
Vehumet
Wu Jian
Xom
Yredelemnul
Zin

Shops:
D:8 [*   D:15 !   Orc:1 *   Orc:2 ??[=

Portals:
Trove: D:13 (give +3 storm dragon scales)

Annotations:
D:8 3 runed translucent doors
D:9 exclusion: obsidian statue


Innate Abilities, Weirdness & Mutations

You have a pair of horns on your head.
You reflexively headbutt those who attack you in melee.


Message History

You feel extremely sick. The sea snake completely misses you.
You furiously retaliate!
You headbutt the sea snake, but do no damage.
The merfolk siren hits you but does no damage.
The alligator snapping turtle misses you.
You furiously retaliate!
You headbutt the alligator snapping turtle, but do no damage.
Unknown command.
Unknown command.
Unknown command.
You are too mesmerised to rage.
Unknown command.
Unknown command.
You slash the alligator snapping turtle!
The alligator snapping turtle is moderately wounded.
You slice the sea snake!!
You feel very sick. You block the sea snake's attack.
The merfolk siren chants its luring song.
The sea snake misses you. You furiously retaliate!
You headbutt the sea snake!
Unknown command.
Unknown command.
You slice the alligator snapping turtle!!
You headbutt the alligator snapping turtle, but do no damage.
The alligator snapping turtle is moderately wounded.
You slice the sea snake!!
You kill the sea snake!
Trog accepts your kill.
You feel very sick. The merfolk siren closely misses you.
The alligator snapping turtle bites you but does no damage.
Unknown command.
Unknown command.
You hit the alligator snapping turtle but do no damage.
You punch the alligator snapping turtle, but do no damage.
The alligator snapping turtle is moderately wounded.
You feel very sick.
The merfolk siren chants its luring song.
The alligator snapping turtle bites you!!
You die...

≈≈≈≈≈≈≈≈≈≈≈≈≈≈≈≈≈≈≈≈≈≈≈#
≈≈≈≈≈≈≈≈≈≈≈≈≈≈≈≈≈≈≈≈≈≈≈#
≈≈≈≈≈≈≈≈≈≈≈≈≈≈≈≈≈≈≈≈≈≈≈#
≈≈≈≈≈≈≈≈≈≈≈≈≈≈≈≈≈≈≈≈≈≈≈#
≈≈≈≈≈≈≈≈≈~~~~~~≈≈≈≈≈≈≈≈#
~~~~~~≈≈≈≈≈≈≈#
~~~~~~≈≈≈≈≈≈≈#
~~..~~≈≈≈≈≈≈≈#
~~~~~~@≈≈≈≈≈≈#
~~~~mt)≈≈≈≈≈≈#
~~~~~~≈≈≈≈≈≈≈#
..~~~≈≈≈≈≈≈≈≈#
.~~~~≈≈≈≈≈≈≈≈#
~~~~~~≈≈≈≈≈≈≈#
~~~~~~≈≈≈≈≈≈≈


You could see an alligator snapping turtle and a merfolk siren (mesmerising).

Vanquished Creatures
  Jorgrun (Shoals:2)
  A ghost moth (shapeshifter) (D:14)
  A frost giant (D:15)
  An orc warlord (Orc:2)
  Nessos (Lair:4)
  A dire elephant (Lair:5)
  The ghost of BigAl98 the Thaumaturge, a journeyman GnEE of Cheibriados (Lair:1)
  Snorg (D:14)
  6 merfolk impalers
  A merfolk javelineer (Shoals:2)
  Erolcha (Orc:2)
  4 vault guards (D:13)
  7 hydras
  An ogre mage (Orc:2)
  3 merfolk avatars
  5 centaur warriors
  2 catoblepae
  3 merfolk aquamancers
  An alligator snapping turtle (Shoals:2)
  3 two-headed ogres
  3 boulder beetles
  4 tengu warriors (D:15)
  An orc high priest (Orc:2)
  12 death yaks
  A deep troll shaman (Lair:5)
  Nergalle (Orc:1)
  Sonja (D:11)
  6 skysharks
  3 skeletal warriors (D:14)
  5 sea snakes
  Lodul (D:12)
  3 orc knights
  A wizard (D:14)
  3 harpies (Shoals:2)
  A wolf spider (D:15)
  5 cyclopes
  9 fauns
  2 deep elf pyromancers
  9 orc sorcerers
  7 ugly things
  7 black mambas
  7 manticores
  7 water nymphs
  6 merfolk sirens
  18 elephants
  3 unseen horrors
  A gargoyle (D:8)
  11 cane toads
  A kobold demonologist (D:14)
  A rime drake (Lair:5)
  8 komodo dragons
  An efreet (D:13)
  A tengu conjurer (D:15)
  A freezing wraith (D:15)
  7 trolls
  2 queen bees
  5 meliai
  11 merfolk
  2 polar bears (Lair:5)
  A wolf spider simulacrum (D:13)
  A wind drake (Shoals:2)
  Prince Ribbit (Lair:1)
  11 blink frogs
  3 snapping turtles
  11 dream sheep
  4 slime creatures
  6 water elementals
  6 basilisks
  A shadow (D:12)
  7 wyverns
  53 yaks
  A vampire (D:14)
  A human (shapeshifter) (D:13)
  Grum (Lair:1)
  3 humans (D:11)
  13 vampire mosquitoes
  2 steam dragons
  A warg (Orc:2)
  3 nagas (Lair:3)
  An acid dragon (D:11)
  10 water moccasins
  Duvessa (D:5)
  An ice beast (D:8)
  2 sky beasts
  2 black bears
  18 ogres
  30 orc warriors
  13 centaurs
  22 wolves
  3 phantoms
  Blork the orc (D:4)
  3 kobold brigands
  11 bullfrogs
  A scorpion (D:7)
  A gnoll sergeant (Orc:2)
  Dowan (D:5)
  5 wights (D:8)
  76 killer bees
  2 electric eels (Lair:2)
  5 howler monkeys
  3 jellies
  6 hounds
  A gnoll bouda (D:9)
  15 orc priests
  6 iguanas
  2 sleepcaps
  36 orc wizards
  13 gnolls
  6 adders
  A shadow imp (D:7)
  3 white imps
  An ufetubus (D:7)
  107 orcs
  9 endoplasms
  A giant cockroach (D:1)
  10 goblins
  6 hobgoblins
  2 jackals (D:5)
  20 kobolds
  3 quokkas
  6 ball pythons
  4 bats
  A frilled lizard (D:1)
  6 rats
  A butterfly (Lair:4)
831 creatures vanquished.

Vanquished Creatures (collateral kills)
  3 killer bees (D:9)
3 creatures vanquished.

Vanquished Creatures (others)
  2 orc wizards (Orc:2)
  A bush (Lair:2)
  23 fungi
  92 plants
118 creatures vanquished.

Grand Total: 952 creatures vanquished

Notes
Turn   | Place    | Note
-------+----------+-------------------------------------------
     0 | D:1      | LLlMATKO the Minotaur Berserker began the quest for the
                  | Orb.
     0 | D:1      | Reached XP level 1. HP: 19/19 MP: 0/0
   251 | D:1      | Reached XP level 2. HP: 23/27 MP: 1/1
  1130 | D:2      | Reached skill level 4 in Axes
  1130 | D:2      | Reached XP level 3. HP: 20/33 MP: 2/2
  1672 | D:3      | Noticed a phantom
  1681 | D:3      | Killed a phantom
  1682 | D:3      | Reached skill level 1 in Shields
  1682 | D:3      | Reached XP level 4. HP: 36/41 MP: 3/3
  1726 | D:3      | Reached ** piety under Trog
  1822 | D:3      | Reached XP level 5. HP: 47/47 MP: 4/4
  1913 | D:3      | Found a shimmering altar of Xom.
  2519 | D:4      | Found a stormy altar of Qazlal.
  2605 | D:4      | Noticed Blork the orc
  2614 | D:4      | Killed Blork the orc
  2615 | D:4      | Reached XP level 6. HP: 35/55 MP: 5/5
  2812 | D:4      | Reached skill level 5 in Fighting
  2812 | D:4      | Reached skill level 5 in Axes
  2831 | D:4      | Reached XP level 7. HP: 31/61 MP: 6/6
  3214 | D:4      | Reached *** piety under Trog
  3634 | D:5      | Entered Level 5 of the Dungeon
  3669 | D:5      | Reached skill level 5 in Armour
  3704 | D:5      | Noticed Duvessa
  3708 | D:5      | Noticed Dowan
  3713 | D:5      | Killed Duvessa
  3719 | D:5      | Killed Dowan
  3720 | D:5      | Reached skill level 6 in Axes
  3942 | D:5      | Found an ornate altar of the Wu Jian Council.
  3943 | D:5      | Found an opulent altar of Gozag.
  3977 | D:5      | Reached skill level 5 in Dodging
  3977 | D:5      | Reached XP level 8. HP: 55/70 MP: 7/7
  4157 | D:5      | Found a staircase to the Ecumenical Temple.
  4499 | D:6      | Reached skill level 5 in Shields
  5202 | D:7      | Reached **** piety under Trog
  5249 | D:7      | Reached skill level 7 in Axes
  5652 | D:7      | Reached XP level 9. HP: 61/79 MP: 8/8
  6725 | D:8      | Noticed a gargoyle
  6737 | D:8      | Killed a gargoyle
  6738 | D:8      | Reached skill level 8 in Axes
  6820 | D:8      | Found a faded altar of an unknown god.
  6826 | D:8      | Found a faded altar of an unknown god.
  6828 | D:8      | Found a blossoming altar of Fedhas.
  6830 | D:8      | Found a basalt altar of Yredelemnul.
  6833 | D:8      | Found a sacrificial altar of Ru.
  6863 | D:8      | Found Yxaytyv's General Store.
  7096 | D:8      | Found a runed translucent gate.
  7096 | D:8      | Found a runed translucent gate.
  7097 | D:8      | Found a runed translucent gate.
  7098 | D:8      | Noticed a glowing orange brain
  7098 | D:8      | Noticed a white ugly thing
  7098 | D:8      | Noticed a cyan ugly thing
  7098 | D:8      | Noticed a red ugly thing
  7104 | D:8      | Noticed a cyan ugly thing
  7439 | D:8      | Found Uhie's Armour Boutique.
  7736 | D:9      | Identified a scroll of acquirement
  7736 | D:9      | Acquired a manual of Axes
  7759 | D:9      | Reached XP level 10. HP: 72/90 MP: 9/9
  7781 | D:9      | Found a flagged portal.
  7789 | Bailey   | Entered a bailey
  8057 | Bailey   | Reached skill level 9 in Axes
  8260 | Bailey   | Reached skill level 10 in Fighting
  8260 | Bailey   | Reached skill level 11 in Axes
  8260 | Bailey   | Reached XP level 11. HP: 101/101 MP: 10/10
  8261 | Bailey   | Found the +27 heavy crossbow "Sniper" {heavy, Acc+∞ SInv}
  8261 | Bailey   | Noticed an orc knight
  8261 | Bailey   | Noticed an orc knight
  8273 | Bailey   | Killed an orc knight
  8274 | Bailey   | Reached skill level 10 in Armour
  8274 | Bailey   | Killed an orc knight
  8275 | Bailey   | Reached skill level 12 in Axes
  8569 | D:9      | Found a staircase to the Orcish Mines.
  8580 | D:9      | Reached ***** piety under Trog
  8693 | D:9      | Noticed a two-headed ogre
  8701 | D:9      | Killed a two-headed ogre
  8702 | D:9      | Reached skill level 1 in Ranged Weapons
  8878 | D:9      | Found an ancient bone altar of Kikubaaqudgha.
  8971 | D:9      | Noticed an obsidian statue
  9361 | D:9      | Found a glowing silver altar of Zin.
  9705 | D:9      | Noticed a sixfirhy
  9880 | D:10     | Entered Level 10 of the Dungeon
 10032 | D:10     | Received a gift from Trog
 10033 | D:10     | Reached skill level 10 in Shields
 10691 | D:10     | Found a staircase to the Lair.
 10957 | Lair:1   | Entered Level 1 of the Lair of Beasts
 11059 | Lair:1   | Reached skill level 13 in Axes
 11065 | Lair:1   | Reached skill level 10 in Dodging
 11065 | Lair:1   | Reached XP level 12. HP: 110/110 MP: 9/11
 11420 | Lair:1   | Found a runed translucent door.
 11421 | Lair:1   | Noticed BigAl98's ghost (journeyman GnEE)
 11454 | Lair:1   | Noticed Prince Ribbit
 11457 | Lair:1   | Killed Prince Ribbit
 11515 | Lair:1   | Noticed Grum
 11516 | Lair:1   | Killed Grum
 11668 | Lair:1   | Reached skill level 14 in Axes
 11982 | Lair:1   | Killed BigAl98's ghost
 12088 | Lair:2   | Reached skill level 5 in Ranged Weapons
 12232 | Lair:2   | You fall into a shaft and drop 2 floors!
 12422 | Lair:3   | Found a staircase to the Snake Pit.
 12707 | Lair:3   | Received a gift from Trog
 12717 | Lair:3   | Reached XP level 13. HP: 117/118 MP: 12/12
 12738 | Lair:3   | Reached skill level 15 in Axes
 12965 | Lair:3   | Identified the +1 chain mail "Yratzy" {Will+}
 13456 | Lair:2   | Found a staircase to the Shoals.
 14505 | Lair:3   | Received a gift from Trog
 15068 | Lair:4   | Found a staircase to the Slime Pits.
 15212 | Lair:4   | Reached skill level 16 in Axes
 15243 | Lair:4   | Noticed Nessos
 15244 | Lair:4   | Killed Nessos
 15342 | Lair:4   | Found an opulent altar of Gozag.
 15998 | Lair:5   | Entered Level 5 of the Lair of Beasts
 16712 | Lair:5   | Reached XP level 14. HP: 129/129 MP: 13/13
 18123 | Lair:5   | Identified the +5 scale mail of Akhlualitz {Rampage Str+2
                  | Int+3 Dex+3}
 18125 | Lair:5   | Identified the ring of Deep Teso {+Blink EV+5 Int+2}
 18382 | D:11     | Reached skill level 17 in Axes
 18458 | D:11     | Received a gift from Trog
 18517 | D:11     | Noticed Sonja
 18518 | D:11     | Killed Sonja
 19261 | Orc:1    | Entered Level 1 of the Orcish Mines
 19481 | Orc:1    | Found Gougi's Goods Gallery.
 19490 | Orc:1    | Bought the +2 pair of gloves of Prudence {Fly} for 259 gold
                  | pieces
 19819 | Orc:2    | Entered Level 2 of the Orcish Mines
 19980 | Orc:2    | Reached ****** piety under Trog
 19982 | Orc:2    | Found a staircase to the Elven Halls.
 19985 | Orc:2    | Noticed an orc warlord
 19993 | Orc:2    | Killed an orc warlord
 20001 | Orc:2    | Received a gift from Trog
 20157 | Orc:1    | Noticed Nergalle
 20163 | Orc:1    | Killed Nergalle
 21373 | Orc:2    | Found a radiant altar of Vehumet.
 21374 | Orc:2    | Noticed Erolcha
 21376 | Orc:2    | Killed Erolcha
 21376 | Orc:2    | Paralysed by an orc sorcerer for 4 turns
 21628 | Orc:2    | Found Vaexzol's Jewellery Shoppe.
 21756 | Orc:2    | Found an ancient bone altar of Kikubaaqudgha.
 21760 | Orc:2    | Found Meig's Magic Scroll Shoppe.
 21767 | Orc:2    | Bought 3 scrolls of magic mapping for 225 gold pieces
 21797 | Orc:2    | Received a gift from Trog
 21804 | Orc:2    | Reached XP level 15. HP: 127/129 MP: 14/14
 21808 | Orc:2    | Found Sazuerhak's Magic Scroll Shoppe.
 21818 | Orc:2    | Found Cieq's Antique Armour Emporium.
 21826 | Orc:2    | Bought a pair of embroidered boots for 180 gold pieces
 22676 | D:12     | Noticed Lodul
 22682 | D:12     | Killed Lodul
 23482 | D:13     | You are sucked into a shaft and drop 2 floors!
 23482 | D:15     | Entered Level 15 of the Dungeon
 23881 | D:13     | Found a portal to a secret trove of treasure.
 24222 | D:13     | Found a gate to the Vaults.
 24238 | D:13     | Reached skill level 18 in Axes
 24679 | D:13     | Reached skill level 10 in Ranged Weapons
 25135 | D:14     | Reached skill level 15 in Fighting
 25237 | D:14     | Identified the amulet of Cere {Reflect Rampage rElec SH+5}
 25305 | D:14     | Noticed Snorg
 25312 | D:14     | Killed Snorg
 26103 | D:14     | Identified the +2 broad axe of Ascent {flame, *Rage Will+
                  | Dex+2} (Trog gifted it to you on level 14 of the Dungeon)
 26103 | D:14     | Received a gift from Trog
 26394 | D:15     | Found Eheisac's Distillery.
 27000 | D:15     | Found a staircase to the Depths.
 27000 | D:15     | Noticed a frost giant
 27003 | D:15     | Killed a frost giant
 27004 | D:15     | Reached skill level 15 in Armour
 27465 | Shoals:1 | Entered Level 1 of the Shoals
 27767 | Shoals:1 | Found a runed translucent door.
 28226 | Shoals:1 | Reached XP level 16. HP: 132/149 MP: 15/15
 28490 | Shoals:1 | Acquired a manual of Shields
 28724 | Shoals:1 | Reached skill level 15 in Shields
 29445 | Shoals:2 | Noticed Jorgrun
 29449 | Shoals:2 | Killed Jorgrun
 30299 | Shoals:2 | Received a gift from Trog
 30811 | Shoals:2 | Reached skill level 19 in Axes
 31554 | Shoals:3 | Slain by an alligator snapping turtle

Illustrated notes

Levels and vault maps discovered:
D:1:      lightli_arrival_windingriver, layout_basic,
          chequers_serial_rivers_micro_a
D:2:      layout_rooms
D:3:      layout_loops_ring, tgw_xom, nrook_mini_vaults, minmay_misc_feat_room,
          serial_park_tiny_1
D:4:      layout_loops_ring, grunt_qazlal_sundering, uniq_blork_the_orc
D:5:      layout_loops_cross, nicolae_overflow_squiral,
          minmay_temple_entry_stoned_glass, uniq_duvessa
D:6:      layout_gridville
D:7:      layout_basic
D:8:      layout_loops_cross, chequers_temple_overflow_minitemple, serial_shops,
          nicolae_shop_back_alley_shop, nicolae_shop_stone,
          ploomutoo_gammafunk_ghost_potion_laboratory
D:9:      layout_stronghold, kiku_gazebo_garden_becter, zin_scriptorium,
          david_orc_2, enter_bailey_2, minmay_protected_statue
D:10:     layout_basic, grunt_lair_entry_orc_guard_hut, special_room
          [special_room_orc]
D:11:     slaughterhouse, layout_basic, uniq_sonja
D:12:     layout_loops_corners, uniq_lodul
D:13:     layout_basic, lightli_vaults_fourway_checkpoint,
          nicolae_trove_entry_isolated, hangedman_corner_corridor
D:14:     layout_roguey [special_room_bee], uniq_snorg
D:15:     grunt_enter_depths_snipers, layout_loops_ring, serial_shops,
          nicolae_shop_pleasant_corner_grove, minmay_misc_feat_columns
Lair:1:   layout_long_grid, ebering_ghost_inner_flame, uniq_prince_ribbit2,
          uniq_grum
Lair:2:   layout_cave_pods, elwin_shoals_entry_rocks,
          nicolae_lair_grazing_beasts [nicolae_sub_lair_graze_edge,
          nicolae_sub_lair_graze_edge, nicolae_sub_lair_graze_edge,
          nicolae_sub_lair_graze_edge], serial_bayou_shore_a,
          infiniplex_staircase_pool_2
Lair:3:   regret_index_bee_streams, layout_regular_city,
          minmay_snake_entry_guardpost_large
Lair:4:   layout_hall_layers, minmay_slime_entry_pillars, lemuel_centaur_altar,
          lemuel_fruit_fields, uniq_nessos
Lair:5:   grunt_lair_end_beastmaster, layout_cave_pods,
          nicolae_quartered_pool_impasse
Shoals:1: nicolae_shoals_offshore_bank_account, layout_shoals,
          nicolae_shoals_nymph_descending_staircase
Shoals:2: layout_shoals, uniq_jorgrun
Shoals:3: layout_shoals, uniq_donald
Orc:1:    layout_diamond_mine, nicolae_alphabet_shops, uniq_nergalle
Orc:2:    kennysheep_orc_mage_school, layout_caves, bh_open_orc_temple

Skill      XL: |  1  2  3  4  5  6  7  8  9 10 11 12 13 14 15 16 |
---------------+-------------------------------------------------+-----
Fighting       | 4 5 6 7 8 10 11 12 13 14 15 16 | 16.2
Axes           | 4 5 6 7 8 11 13 14 16 17 18 19 | 19.1
Armour         | 3 4 5 6 8 9 10 11 12 14 15 | 15.9
Dodging        | 3 4 5 6 7 9 10 11 12 13 14 | 14.7
Shields        | 1 2 3 4 6 7 9 10 11 12 13 14 16 | 16.2
Ranged Weapons | 3 5 7 9 10 | 10.0

Action                     |  1- 3 |  4- 6 |  7- 9 | 10-12 | 13-15 | 16-18 || total
---------------------------+-------+-------+-------+-------+-------+-------++-------
  Melee: Hand axe          |    66 |    83 |    90 |   134 |       |       ||   373
         Headbutt          |     9 |    18 |    63 |    36 |    58 |     5 ||   189
         War axe           |       |       |   159 |    92 |   194 |     5 ||   450
         Punch             |       |       |       |     2 |     3 |     1 ||     6
         Executioner's axe |       |       |       |       |    63 |    29 ||    92
   Fire: Heavy crossbow    |       |       |       |   102 |   391 |   106 ||   599
  Throw: Dart              |       |       |       |       |     1 |       ||     1
 Invoke: Berserk           |       |     3 |     3 |     4 |     7 |     1 ||    18
         Trog's Hand       |       |       |       |     1 |       |     1 ||     2
         Brothers in Arms  |       |       |       |       |       |     1 ||     1
    Use: Scroll            |       |       |    12 |       |     3 |     5 ||    20
         Potion            |       |       |       |     1 |       |       ||     1
 Armour: Animal skin       |     9 |       |       |       |       |       ||     9
         Chain mail        |     4 |    48 |    70 |       |       |       ||   122
         Plate armour      |       |       |    48 |   184 |   399 |    52 ||   683
  Dodge: Dodged            |    30 |    34 |   116 |   178 |   530 |   110 ||   998
  Block: Kite shield       |       |       |    53 |    58 |     8 |       ||   119
         Other             |       |       |       |       |    26 |    32 ||    58
         Reflection        |       |       |       |       |     2 |     9 ||    11
